 Dungeon Crawl Stone Soup version 0.20-a0-1122-gb7cbeb9 (webtiles) character file.

152398 Rrauwl the Geomancer (level 17, -9/109 HPs)
             Began as a Gargoyle Earth Elementalist on May 9, 2017.
             Was a High Priest of Vehumet.
             Mangled by an ettin
             ... wielding a +0 dire flail
              (34 damage)
             ... on level 13 of the Dungeon on May 11, 2017.
             The game lasted 04:38:21 (43181 turns).

Rrauwl the Geomancer (Gargoyle Earth Elementalist) Turns: 43181, Time: 04:38:22

Health: -9/109     AC: 33    Str: 15    XL:     17   Next: 58%
Magic:  17/29      EV: 14    Int: 20    God:    Vehumet [*****.]
Gold:   736        SH:  8    Dex: 16    Spells: 2/32 levels left

rFire    + + .     SeeInvis +   a - +2 morningstar (flame)
rCold    + . .     Gourm    .   H - +1 buckler {AC+3}
rNeg     + + .     Faith    .   N - +0 ring mail "Fioseoc" {MR+ Dex+4 SInv}
rPois    ∞         Spirit   .   e - +2 hat
rElec    +         Reflect  .   Z - +2 cloak {rPois}
rCorr    +         Harm     .   i - +0 pair of gloves
MR       +++++     Clarity  +   (no boots)
Stlth    +++.......             u - amulet of the Four Winds {rN+ MR+++ Clar}
Regen    0.3/turn               F - ring of resist corrosion
MPRegen  0.3/turn               I - ring of Nilar {rF++ rC+ MR+}

@: flying
A: big wings, fangs 1, horns 1, icy blue scales 1, rugged brown scales 1, thin
skeletal structure 1, berserk 1, negative energy resistance 1, electricity
resistance, unbreathing, petrification resistance, rot immunity, MP-powered
wands, AC +12
a: Stop Flying, Renounce Religion


You were on level 13 of the Dungeon.
You worshipped Vehumet.
Vehumet was extremely pleased with you.
You were not hungry.

You visited 7 branches of the dungeon, and saw 28 of its levels.
You also visited: Labyrinth, Sewer and Bailey.

You collected 3192 gold pieces.
You spent 2456 gold pieces at shops.

Inventory:

Hand Weapons
 a - a +2 morningstar of flaming (weapon)
 b - a +4 hand crossbow of freezing
Missiles
 C - 68 bolts
 D - 260 stones (quivered)
Armour
 e - a +2 hat (worn)
 i - a +0 pair of gloves (worn)
 s - a scarf of cloud immunity
 H - a +1 buckler of protection (worn)
 N - the +0 ring mail "Fioseoc" (worn) {MR+ Dex+4 SInv}
   (You bought it in a shop on level 8 of the Dungeon)

   It affects your dexterity (+4).
   It affects your resistance to hostile enchantments.
   It lets you see invisible.
 Z - a +2 cloak of poison resistance (worn)
Jewellery
 u - the amulet of the Four Winds (around neck) {rN+ MR+++ Clar}
   (You bought it in a shop on level 1 of the Snake Pit)

   [amulet of nothing]

   It protects you from negative energy.
   It affects your resistance to hostile enchantments.
   It protects you against confusion.
 A - an uncursed ring of protection from cold
 F - a ring of resist corrosion (left hand)
 I - the ring of Nilar (right hand) {rF++ rC+ MR+}
   (You found it on level 6 of the Lair of Beasts)

   [ring of protection from cold]

   It greatly protects you from fire.
   It protects you from cold.
   It affects your resistance to hostile enchantments.
 R - an uncursed ring of positive energy
Wands
 d - a wand of acid (10/15)
 f - a wand of disintegration (7/24)
 q - a wand of confusion (16/48)
 x - a wand of polymorph (18/24)
 L - a wand of digging (11/24)
 O - a wand of lightning (7/15)
 P - a wand of iceblast (13/15)
Scrolls
 p - 6 scrolls of magic mapping
 t - 8 scrolls of identify
 v - 6 scrolls of remove curse
 w - 3 scrolls of fog
 z - a scroll of holy word
 E - a scroll of brand weapon
 T - 3 scrolls of teleportation
 X - 2 scrolls of blinking
Potions
 h - a potion of invisibility
 j - a potion of ambrosia
 l - 4 potions of haste
 m - 2 potions of might
 r - 8 potions of curing
 J - a potion of cancellation
 K - 2 potions of agility
 Q - a potion of magic
 V - 6 potions of brilliance
Miscellaneous
 B - a crystal ball of energy
 S - a phantom mirror
 U - a phial of floods
Comestibles
 c - 7 chunks of flesh
 k - 17 royal jellies


   Skills:
 - Level 12.0 Fighting
   Level 0.8 Short Blades
 - Level 9.0 Maces & Flails
 - Level 10.2 Crossbows
 - Level 11.0 Armour
 - Level 5.0 Dodging
 - Level 5.0 Stealth
 - Level 11.0 Shields
 - Level 0.2 Unarmed Combat
 - Level 8.0 Spellcasting
 + Level 12.5 Conjurations
 - Level 5.0 Translocations
 - Level 5.0 Transmutations
 - Level 14.0 Earth Magic
 - Level 7.0 Evocations


You had 2 spell levels left.
You knew the following spells:

 Your Spells              Type           Power        Failure   Level  Hunger
a - Sandblast             Erth           ######       1%          1    None
b - Stone Arrow           Conj/Erth      ######       1%          3    None
c - Iron Shot             Conj/Erth      ######....   2%          6    ######.
d - Lee's Rapid Deconstr  Erth           ######....   1%          5    #####..
e - Petrify               Tmut/Erth      #####...     2%          4    ###....
f - Blink                 Tloc           N/A          2%          2    None
g - Apportation           Tloc           ####..       1%          1    None
h - Lehudib's Crystal Sp  Conj/Erth      ######....   65%         8    #######


Dungeon Overview and Level Annotations

Branches:
Dungeon (14/15)            Temple (1/1) D:6            Lair (6/6) D:10
  Swamp (1/4) Lair:3        Snake (2/4) Lair:3        Slime (0/5) Lair:5
    Orc (2/2) D:12            Elf (2/3) Orc:2        Vaults (0/5) D:13

Altars:
Ashenzari
Cheibriados
Dithmenos
Elyvilon
Fedhas
Gozag
Hepliaklqana
Kikubaaqudgha
Makhleb
Nemelex Xobeh
Okawaru
Qazlal
Ru
Sif Muna
Trog
Uskayaw
Vehumet
Wu Jian
Xom
Yredelemnul
Zin
The Shining One
Beogh

Shops:
D:5 ?   D:8 (=!:[   D:9 !   D:12 =   Orc:1 %   Orc:2 }!%*   Snake:1 =

Annotations:
Snake:2 exclusion: Roxanne, Donald, Roxanne


Innate Abilities, Weirdness & Mutations

You are resistant to torment.
Your stone body is resilient. (AC +12)
You are immune to poison.
Your large and strong wings let you fly indefinitely.
You resist negative energy. (rN+)
You are resistant to electric shocks. (rElec)
You can survive without breathing.
You are immune to petrification.
You are immune to rotting.
You have very sharp teeth.
You have a pair of small horns on your head.
You are partially covered in icy blue scales. (AC +2)
You are partially covered in rugged brown scales. (AC +1, +3% HP)
You have a somewhat thin skeletal structure. (Dex +2, Stealth)
You tend to lose your temper in combat.
You expend magic power (3 MP) to strengthen your wands.


Message History

There is a stone staircase leading down here.
Casting: Iron Shot
Confirm with . or Enter, or press ? or * to list all spells.
Aiming: Iron Shot
Press: ? - help, Shift-Dir - straight line, f - ettin
Aim: an ettin, wielding two dire flails The iron shot hits the ettin.
The ettin is heavily wounded.
The ettin misses you. The ettin hits you with a dire flail!!
* * * LOW HITPOINT WARNING * * *
Unknown command.
Casting: Iron Shot
Confirm with . or Enter, or press ? or * to list all spells.
Aiming: Iron Shot
Press: ? - help, Shift-Dir - straight line, f/p - ettin
Aim: an ettin, wielding two dire flails (heavily wounded)
The iron shot hits the ettin.
The ettin is almost dead.
The ettin completely misses you. The ettin hits you with a dire flail!!
You die...

#.......'.....[..#....#.....#....
#...#####≈≈≈.....#....#.....#....
#..)# #≈≈≈≈....######.....#....
#...#####≈≈≈≈....#....###'###....
#..)#....≈≈≈≈....#..........#....
#..))..[[≈≈≈≈....#..........#....
#?..#...#≈≈≈.....#.......>..#####
#########≈≈.###÷#.#####.....#....
######....#.C@.#...#.....#....
#.....#...#....#...#.....#...^
#.....'...#....#...'.....#....
#.....#........#...#.....#....
#.....#...#....#...#.....#....
#.....##.##....#####..........
#..................#..........
#..................#..........
#..................#..........


You could see an ettin.

Vanquished Creatures
  A sphinx (D:13)
  A storm dragon (D:14)
  Kirke (Lair:4)
  2 deep elf sorcerers
  Aizul (Snake:2)
  2 frost giants (D:14)
  An orc warlord (Orc:2)
  A deep elf elementalist (Elf:1)
  2 stone giants
  A deep elf demonologist (Elf:1)
  An ettin (Orc:2)
  A deep elf death mage (Elf:1)
  A minotaur (Lab)
  Josephine (Swamp:1)
  5 vault guards (D:13)
  3 centaur warriors
  3 naga warriors (Snake:1)
  6 anacondas
  4 alligators (Swamp:1)
  8 two-headed ogres
  5 hydras
  Erica (Lair:2)
  3 naga sharpshooters (Snake:1)
  The ghost of Trigun the Nimble, a novice OpBe of Trog (Lab)
  4 dancing weapons
  5 shock serpents (Snake:1)
  4 orc high priests (Orc:2)
  2 deep elf knights (Elf:1)
  4 naga ritualists
  3 swamp dragons (Swamp:1)
  A lindwurm (Lair:6)
  A shambling mangrove (Swamp:1)
  A wizard (D:13)
  7 deep elf archers
  6 mana vipers
  6 orc knights
  5 oklob plants
  8 deep elf magi
  2 salamanders (Snake:1)
  7 orc sorcerers
  2 cyclopes
  A manticore (D:13)
  2 ugly things
  17 black mambas
  7 elephants
  2 centaur zombies
  A guardian serpent (Snake:1)
  4 naga magi (Snake:1)
  2 torpor snails
  Maurice (D:8)
  2 gargoyles
  17 spiny frogs
  A spiny frog (shapeshifter) (Elf:1)
  7 komodo dragons
  2 rime drakes
  A kobold demonologist (D:14)
  An efreet (D:14)
  A freezing wraith (D:13)
  11 trolls
  Grinder (D:5)
  12 polar bears
  2 tyrant leeches (Swamp:1)
  5 hornets
  5 dream sheep (Lair:6)
  A raiju (Lair:6)
  7 slime creatures
  8 blink frogs
  2 bog bodies (Swamp:1)
  The ghost of Findor the Magician, an amateur OpWz (D:4)
  A meliai zombie (D:13)
  11 hippogriffs
  4 wraiths
  A wyvern (Lair:5)
  2 air elementals (Elf:1)
  2 hogs (Lair:4)
  2 humans (D:13)
  5 basilisks
  5 fire elementals
  46 yaks
  4 hungry ghosts
  20 vampire mosquitoes
  8 swamp worms (Swamp:1)
  11 nagas (Snake:1)
  12 wargs
  An acid dragon (shapeshifter) (Elf:1)
  14 hell hounds (Lair:6)
  Duvessa (D:4)
  10 porcupines
  18 water moccasins
  52 orc warriors
  12 black bears
  A sky beast (D:9)
  An eye of draining (D:11)
  6 ice beasts
  A swamp drake (Swamp:1)
  A hornet zombie (D:10)
  3 phantoms
  14 wolves (Lair:6)
  21 ogres
  9 centaurs
  17 crocodiles
  7 big kobolds
  An earth elemental (Elf:1)
  31 bullfrogs
  2 gnoll sergeants (D:7)
  Dowan (D:4)
  4 scorpions
  An oklob sapling (D:11)
  27 killer bees
  10 wights
  7 howler monkeys
  An electric eel (Lair:4)
  A bullfrog zombie (D:8)
  6 crimson imps
  46 orc priests
  5 hounds
  3 jellies
  A bullfrog skeleton (D:10)
  34 orc wizards
  A centaur skeleton (D:11)
  7 iguanas
  12 worker ants
  Ijyb (D:3)
  Natasha (thrice) (D:4)
  A hound zombie (D:7)
  A worker ant zombie (D:6)
  24 gnolls
  33 adders
  2 river rats (Sewer)
  5 shadow imps
  7 oozes
  An adder skeleton (D:5)
  6 worms
  4 dart slugs
  5 leopard geckos (D:3)
  154 orcs
  11 giant cockroaches
  8 goblins
  13 hobgoblins
  7 jackals
  35 kobolds
  6 quokkas
  10 ball pythons
  10 bats
  7 frilled lizards
  A giant cockroach zombie (D:5)
  A leopard gecko skeleton (D:5)
  2 quokka zombies
  17 rats
  A fungus (Lair:1)
  4 plants (D:7)
1152 creatures vanquished.

Vanquished Creatures (others)
  An eldritch tentacle (Swamp:1)
  2 deep elf knights (Elf:1)
  An unseen horror (shapeshifter) (D:14)
  A naga mage (Snake:1)
  2 humans (Lair:4)
  An orc priest (Orc:2)
  A worker ant (D:14)
  A bush (D:10)
  15 fungi
  27 plants
52 creatures vanquished.

Grand Total: 1204 creatures vanquished

Notes
Turn   | Place    | Note
-------+----------+-------------------------------------------
     0 | D:1      | Rrauwl the Gargoyle Earth Elementalist began the quest for the Orb.
     0 | D:1      | Reached XP level 1. HP: 10/10 MP: 3/3
    48 | D:1      | Reached skill level 4 in Earth Magic
    87 | D:1      | Reached XP level 2. HP: 15/15 MP: 3/5
   392 | D:1      | Reached XP level 3. HP: 19/19 MP: 4/6
   899 | D:2      | Reached skill level 5 in Earth Magic
   903 | D:2      | Learned a level 2 spell: Passwall
   907 | D:2      | Learned a level 3 spell: Stone Arrow
  1122 | D:2      | Reached XP level 4. HP: 24/24 MP: 7/7
  1150 | D:2      | Found a hide-covered altar of Uskayaw.
  1438 | D:2      | Reached skill level 1 in Transmutations
  1863 | D:3      | Found a glowing drain.
  1872 | D:3      | Reached skill level 1 in Fighting
  2010 | Sewer    | Entered a sewer
  2039 | Sewer    | Reached skill level 1 in Conjurations
  2047 | Sewer    | Reached XP level 5. HP: 21/29 MP: 1/8
  2107 | Sewer    | Noticed a big kobold
  2116 | Sewer    | Killed a big kobold
  2167 | Sewer    | Noticed a big kobold
  2176 | Sewer    | Killed a big kobold
  2176 | Sewer    | Reached skill level 6 in Earth Magic
  2176 | Sewer    | Reached XP level 6. HP: 35/35 MP: 5/10
  2451 | Sewer    | Reached XP level 7. HP: 41/41 MP: 11/11
  2664 | Sewer    | Reached skill level 1 in Armour
  2664 | Sewer    | Reached skill level 7 in Earth Magic
  2777 | D:3      | Noticed Ijyb
  2801 | D:3      | Killed Ijyb
  2986 | D:3      | Upgraded the game from 0.20-a0-1116-gaa52201 to 0.20-a0-1118-g35a2cd3
  3218 | D:3      | Found an opulent altar of Gozag.
  3219 | D:3      | Found a stormy altar of Qazlal.
  3889 | D:4      | Noticed Findor's ghost (amateur OpWz)
  3950 | D:4      | Noticed Natasha
  3959 | D:4      | Killed Natasha
  3984 | D:4      | Reached skill level 1 in Evocations
  4006 | D:4      | Reached XP level 8. HP: 32/47 MP: 7/12
  4032 | D:4      | Killed Findor's ghost
  4032 | D:4      | Reached skill level 8 in Earth Magic
  4062 | D:4      | Noticed Duvessa
  4068 | D:4      | Noticed Dowan
  4070 | D:4      | Killed Duvessa
  4070 | D:4      | Reached skill level 5 in Fighting
  4077 | D:4      | Killed Dowan
  4310 | D:4      | Gained mutation: Scrolls take you a little longer to read. [potion of mutation]
  4310 | D:4      | Gained mutation: You have a pair of small horns on your head. [potion of mutation]
  4310 | D:4      | Gained mutation: You have sharp toenails. [potion of mutation]
  4428 | D:4      | Noticed Natasha
  4434 | D:4      | Killed Natasha
  4437 | D:4      | Reached skill level 9 in Earth Magic
  4445 | D:4      | Noticed Natasha
  4456 | D:4      | Killed Natasha
  4770 | D:5      | Entered Level 5 of the Dungeon
  4939 | D:5      | Found a shadowy altar of Dithmenos.
  5047 | D:5      | Noticed Grinder
  5182 | D:5      | Reached XP level 9. HP: 56/56 MP: 3/13
  5185 | D:5      | Found Viq Umog's Magic Scroll Shop.
  5198 | D:5      | Bought a scroll of teleportation for 36 gold pieces
  5198 | D:5      | Bought a scroll of enchant armour for 90 gold pieces
  5198 | D:5      | Bought a scroll of enchant weapon for 90 gold pieces
  5318 | D:5      | Reached skill level 10 in Earth Magic
  5432 | D:5      | Killed Grinder
  5813 | D:5      | Found a basalt altar of Yredelemnul.
  5813 | D:5      | Found a burning altar of Makhleb.
  5822 | D:5      | Found a faded altar of an unknown god.
  5824 | D:5      | Found a faded altar of an unknown god.
  5825 | D:5      | Found a snail-covered altar of Cheibriados.
  5912 | D:6      | Found a staircase to the Ecumenical Temple.
  5921 | Temple   | Entered the Ecumenical Temple
  5929 | Temple   | Became a worshipper of Vehumet
  6058 | D:6      | Reached skill level 1 in Maces & Flails
  6389 | D:6      | Learned a level 2 spell: Blink
  6395 | D:6      | Learned a level 5 spell: Lee's Rapid Deconstruction
  6429 | D:6      | Found a glowing golden altar of the Shining One.
  6861 | D:6      | Reached skill level 5 in Maces & Flails
  6933 | D:6      | Reached * piety under Vehumet
  6933 | D:6      | Offered knowledge of Flame Tongue by Vehumet.
  7305 | D:7      | Reached skill level 1 in Translocations
  7509 | D:7      | Reached XP level 10. HP: 60/64 MP: 14/14
  7923 | D:7      | Got a sapphire long sword
  8409 | D:7      | Reached ** piety under Vehumet
  8486 | D:7      | Offered knowledge of Searing Ray by Vehumet.
  9094 | D:7      | Learned a level 4 spell: Petrify
  9160 | D:7      | Reached skill level 1 in Shields
  9799 | D:7      | Offered knowledge of Dazzling Spray by Vehumet.
 10044 | D:8      | Found Gujyditt's Distillery.
 10084 | D:8      | Bought a potion of berserk rage for 70 gold pieces
 10171 | D:8      | Reached *** piety under Vehumet
 10257 | D:8      | Found Rikky's Book Boutique.
 10311 | D:8      | Found Pyarazaw's Weapon Boutique.
 10313 | D:8      | Noticed a two-headed ogre
 10322 | D:8      | Killed a two-headed ogre
 10322 | D:8      | Reached skill level 5 in Shields
 10613 | D:8      | Reached XP level 11. HP: 68/68 MP: 9/17
 10631 | D:8      | Noticed a two-headed ogre
 10702 | D:8      | Killed a two-headed ogre
 10833 | D:8      | Noticed Maurice
 10839 | D:8      | Killed Maurice
 10839 | D:8      | Offered knowledge of Throw Icicle by Vehumet.
 10956 | D:8      | Found Qobiob's Antique Armour Shop.
 10967 | D:8      | Got a blackened chain mail
 10978 | D:8      | Identified the +0 chain mail of Action {rF+ Regen+ SInv} (You found it on level 8 of the Dungeon)
 10991 | D:8      | Bought a transparent ring mail for 207 gold pieces
 11001 | D:8      | Identified the cursed +0 ring mail "Fioseoc" {MR+ Dex+4 SInv} (You bought it in a shop on level 8 of the Dungeon)
 11027 | D:8      | Found Qesinwit's Jewellery Shoppe.
 11173 | D:9      | Found Caokhle's Distillery.
 11199 | D:9      | Reached skill level 5 in Conjurations
 11203 | D:9      | Lost mutation: Scrolls take you a little longer to read. [mutagenic meat]
 11204 | D:9      | Gained mutation: You are partially covered in rugged brown scales. (AC +1, +3% HP) [mutagenic meat]
 11301 | D:9      | Found a flagged portal.
 11320 | Bailey   | Entered a bailey
 11553 | Bailey   | Reached **** piety under Vehumet
 11837 | Bailey   | Offered knowledge of Iskenderun's Battlesphere by Vehumet.
 11964 | D:9      | Reached skill level 5 in Armour
 12807 | D:10     | Entered Level 10 of the Dungeon
 13017 | D:10     | Found a staircase to the Lair.
 13082 | D:10     | Got a translucent plate armour
 13101 | D:10     | Identified the cursed +0 plate armour of Vexation {+Inv Str+3 Slay+2 SInv} (You found it on level 10 of the Dungeon)
 13195 | D:10     | Reached ***** piety under Vehumet
 13236 | D:10     | Offered knowledge of Bolt of Cold by Vehumet.
 13462 | D:10     | Noticed a two-headed ogre
 13467 | D:10     | Killed a two-headed ogre
 13480 | D:10     | Reached XP level 12. HP: 59/75 MP: 10/18
 13744 | D:10     | Identified a scroll of acquirement
 13745 | D:10     | Got a transparent crystal plate armour
 13756 | D:10     | Identified the +9 crystal plate armour of Dishonour {rPois Str-2 Int-3 Dex+6} (You acquired it on level 10 of the Dungeon)
 14096 | D:8      | Reached skill level 5 in Transmutations
 14099 | D:8      | Bought a book of Power for 450 gold pieces
 14158 | Lair:1   | Entered Level 1 of the Lair of Beasts
 14457 | Lair:1   | Found a deep blue altar of Sif Muna.
 15041 | Lair:2   | Reached skill level 5 in Spellcasting
 15333 | Lair:2   | Noticed Erica
 15344 | Lair:2   | Killed Erica
 15344 | Lair:2   | Reached skill level 1 in Crossbows
 15906 | Lair:2   | Reached skill level 5 in Crossbows
 16254 | Lair:1   | Learned a level 6 spell: Iron Shot
 16570 | Lair:3   | Reached XP level 13. HP: 68/80 MP: 22/22
 16616 | Lair:3   | Found a staircase to the Swamp.
 16944 | Lair:3   | Reached skill level 11 in Earth Magic
 17080 | Lair:3   | Found a staircase to the Snake Pit.
 17919 | Lair:4   | Noticed Kirke
 17964 | Lair:4   | Killed Kirke
 18474 | Lair:4   | Got a jewelled chain mail
 18485 | Lair:4   | Identified the +2 chain mail "Qelagh" {+Inv Str+6} (You found it on level 4 of the Lair of Beasts)
 18947 | Lair:5   | Reached skill level 5 in Evocations
 18968 | Lair:5   | Found a labyrinth entrance.
 18977 | Lab      | Entered a labyrinth
 19423 | Lab      | Noticed Trigun's ghost (novice OpBe)
 19431 | Lab      | Killed Trigun's ghost
 20060 | Lab      | Noticed a minotaur
 20066 | Lab      | Killed a minotaur
 20084 | Lab      | Got a distressingly furry helmet
 20436 | Lair:5   | Found a staircase to the Slime Pits.
 20990 | Lair:1   | Identified the +1 helmet of Activism {rN+ Int+7 Dex-5} (You found it in a labyrinth)
 21050 | Lair:6   | Entered Level 6 of the Lair of Beasts
 22095 | Lair:6   | Gained mutation: Your large and strong wings let you fly indefinitely. [Gargoyle growth]
 22095 | Lair:6   | Reached XP level 14. HP: 50/88 MP: 21/23
 22849 | Lair:6   | Reached skill level 10 in Shields
 22855 | Lair:6   | Offered knowledge of Yara's Violent Unravelling by Vehumet.
 23670 | Lair:6   | Identified Fuffink's Papyrus of Enchantment and Poisoning
 24569 | Lair:6   | Got a smoking lead ring
 24578 | Lair:6   | Identified the ring of Nilar {rF++ rC+ MR+} (You found it on level 6 of the Lair of Beasts)
 25082 | D:11     | Reached skill level 10 in Armour
 25246 | D:11     | Offered knowledge of Conjure Ball Lightning by Vehumet.
 25383 | D:11     | Gained mutation: You tend to lose your temper in combat. [mutagenic meat]
 25384 | D:11     | Gained mutation: You are occasionally teleported next to monsters. [mutagenic meat]
 25385 | D:11     | Gained mutation: Your mind is acute. (Int +2) [mutagenic meat]
 26512 | D:11     | Identified the Tome of Nature
 26596 | D:12     | Found a staircase to the Orcish Mines.
 26634 | D:12     | Found Luaguykue's Jewellery Boutique.
 26913 | D:12     | Found a roughly hewn altar of Beogh.
 27338 | Orc:1    | Entered Level 1 of the Orcish Mines
 27357 | Orc:1    | Reached skill level 10 in Fighting
 27418 | Orc:1    | Offered knowledge of Bolt of Draining by Vehumet.
 27443 | Orc:1    | Noticed a stone giant
 27448 | Orc:1    | Killed a stone giant
 27448 | Orc:1    | Reached XP level 15. HP: 37/95 MP: 22/24
 27561 | Orc:1    | Found Raduz's Food Shoppe.
 28124 | Orc:2    | Entered Level 2 of the Orcish Mines
 28466 | Orc:2    | Found a roughly hewn altar of Beogh.
 28616 | Orc:2    | Noticed an orc warlord
 28631 | Orc:2    | Reached ****** piety under Vehumet
 28637 | Orc:2    | Found Geuch's Distillery.
 28642 | Orc:2    | Offered knowledge of Poison Arrow by Vehumet.
 28659 | Orc:2    | Bought a potion of haste for 100 gold pieces
 28822 | Orc:2    | Killed an orc warlord
 28965 | Orc:2    | Found a roughly hewn altar of Beogh.
 29046 | Orc:2    | Found Yfacleq's Gadget Boutique.
 29566 | Orc:2    | Reached skill level 10 in Conjurations
 29576 | Orc:2    | Got a dazzling scimitar
 29577 | Orc:2    | Identified the cursed +2 scimitar of the Asp {venom, rN+ MP+9 Dex-2} (You found it on level 2 of the Orcish Mines)
 29643 | Orc:2    | Found a staircase to the Elven Halls.
 29978 | Orc:2    | Offered knowledge of Bolt of Fire by Vehumet.
 30274 | Orc:2    | Found Uchey's Food Boutique.
 30297 | Orc:2    | Found Neunefo's General Store.
 30345 | Orc:2    | Bought a potion of haste for 150 gold pieces
 30345 | Orc:2    | Bought 3 scrolls of recharging for 427 gold pieces
 30345 | Orc:2    | Bought a scroll of enchant weapon for 112 gold pieces
 31548 | D:13     | Reached skill level 5 in Dodging
 32018 | D:13     | Reached skill level 5 in Translocations
 32122 | D:13     | Found a gate to the Vaults.
 32330 | D:13     | Offered knowledge of Freezing Cloud by Vehumet.
 32393 | D:14     | Reached XP level 16. HP: 99/104 MP: 26/26
 32453 | D:14     | Noticed a storm dragon
 32454 | D:14     | Noticed a sphinx
 32536 | D:14     | Noticed a tengu reaver
 32542 | D:14     | Noticed a tengu reaver
 32816 | Snake:1  | Entered Level 1 of the Snake Pit
 32816 | Snake:1  | Found Urhaleurph's Jewellery Shoppe.
 32854 | Snake:1  | Got an encrusted falchion
 32855 | Snake:1  | Identified the +7 falchion of the Morning {freeze, +Fly MR+ Dex-3} (You found it on level 1 of the Snake Pit)
 32864 | Snake:1  | Bought a cursed amulet of inaccuracy for 22 gold pieces
 32869 | Snake:1  | Bought the amulet of the Four Winds {rN+ MR+++ Clar} for 482 gold pieces
 32869 | Snake:1  | Bought an uncursed ring of resist corrosion for 220 gold pieces
 32956 | Lair:1   | Lost mutation: Your mind is acute. (Int +2) [potion of mutation]
 32956 | Lair:1   | Lost mutation: You have sharp toenails. [potion of mutation]
 32956 | Lair:1   | Lost mutation: You have a pair of small horns on your head. [potion of mutation]
 32956 | Lair:1   | Gained mutation: You expend magic power (3 MP) to strengthen your wands. [potion of mutation]
 32956 | Lair:1   | Gained mutation: You have very sharp teeth. [potion of mutation]
 32956 | Lair:1   | Gained mutation: You are robust. (+10% HP) [potion of mutation]
 32957 | Lair:1   | Lost mutation: You are robust. (+10% HP) [potion of mutation]
 32957 | Lair:1   | Lost mutation: You are occasionally teleported next to monsters. [potion of mutation]
 32957 | Lair:1   | Gained mutation: You are partially covered in icy blue scales. (AC +2) [potion of mutation]
 32957 | Lair:1   | Gained mutation: You have a pair of small horns on your head. [potion of mutation]
 32957 | Lair:1   | Gained mutation: You have a somewhat thin skeletal structure. (Dex +2, Stealth) [potion of mutation]
 33877 | Snake:1  | Reached skill level 12 in Earth Magic
 34423 | Snake:1  | Found a runed door.
 35182 | Snake:1  | Identified the Reference Book on Shifting Translocation
 35186 | Snake:1  | Learned a level 1 spell: Apportation
 35495 | Snake:2  | Noticed Aizul
 35541 | Snake:2  | Killed Aizul
 35605 | Snake:2  | Reached skill level 13 in Earth Magic
 36349 | Snake:2  | Noticed Donald
 36672 | Snake:2  | Noticed Roxanne
 36950 | Elf:1    | Entered Level 1 of the Elven Halls
 37288 | Elf:1    | Reached skill level 5 in Stealth
 37755 | Orc:2    | Upgraded the game from 0.20-a0-1118-g35a2cd3 to 0.20-a0-1122-gb7cbeb9
 38526 | Elf:1    | Offered knowledge of Lehudib's Crystal Spear by Vehumet.
 38526 | Elf:1    | Offered knowledge of Glaciate by Vehumet.
 38526 | Elf:1    | Offered knowledge of Ignition by Vehumet.
 38597 | Elf:1    | Reached XP level 17. HP: 98/109 MP: 27/27
 39202 | Elf:1    | Noticed a Tzitzimitl
 39232 | Elf:1    | Reached skill level 10 in Crossbows
 39906 | Elf:2    | Learned a level 8 spell: Lehudib's Crystal Spear
 40471 | Swamp:1  | Entered Level 1 of the Swamp
 41160 | Swamp:1  | Reached skill level 14 in Earth Magic
 41474 | Swamp:1  | Noticed Josephine
 41486 | Swamp:1  | Killed Josephine
 42251 | Swamp:1  | HP: 4/109 [hornet[a shambling mangrove] (5)]
 42923 | D:14     | Noticed a sphinx
 43122 | D:14     | Noticed a sphinx
 43127 | D:13     | Killed a sphinx
 43181 | D:13     | Mangled by an ettin

Vault maps used:
D:1:      lemuel_arrival_room, st_stairs_2
D:2:      eat_drink_and_be_merry_uskayaw
D:3:      gammafunk_temple_overflow_pools, portal_sewer_entry_f,
          minmay_misc_feat_room, uniq_ijyb
D:4:      first_bread, uniq_natasha, uniq_duvessa
D:5:      chequers_temple_overflow_minitemple, serial_shops,
          nicolae_shop_behind_doors, grunt_dithmenos_smoke, uniq_grinder
D:6:      minmay_temple_entry_poolview, minmay_misc_feat_alley,
          nicolae_tso_carved_into_rock
D:7:      kennysheep_housing_project
D:8:      serial_shops, nicolae_shop_competitors_out_of_business,
          nicolae_shop_crystal, kennysheep_mini_moat, kennysheep_little_box,
          shop, uniq_maurice
D:9:      enter_bailey_7, serial_shops, shop
D:10:     minmay_lair_entry_grove, blue_anna_alchemist,
          nicolae_straight_to_the_point
D:11:     introduction_to_nature_2
D:12:     minmay_orc_entry_temple_small, serial_shops, nicolae_shop_stone
D:13:     grunt_vaults_entry_fortified
D:14:     minmay_misc_feat_tiny, serial_shops, shop,
          minmay_the_grid_square_5x5_4x4_mashed
Temple:   nicolae_temple_x_marks_the_god
Lair:1:   basic_altar, lemuel_fruit_fields
Lair:2:   minmay_lair_venomous_thicket, beast_lair_carwin_4,
          serial_bayou_shore_b, uniq_erica
Lair:3:   minmay_swamp_entry_swarm, dummy_snake_entry, beast_lair_carwin_10
Lair:4:   serial_bayou_pond_a, uniq_kirke
Lair:5:   slime_dummy, lab_entry_generic, grunt_megastairs_2
Lair:6:   hangedman_lair_caniforms_friends, minmay_lair_oklob_chamber
Swamp:1:  hangedman_swamp_lotus, infiniplex_staircase_pool_2, uniq_josephine
Snake:1:  serial_shops, shop, lightli_airlock
Snake:2:  uniq_donald, uniq_vashnia, uniq_roxanne, uniq_aizul
Orc:1:    serial_shops, shop
Orc:2:    pubby_orc_utopia
Elf:1:    kennysheep_six_static_rooms
Elf:2:    serial_shops, shop, shop
Sewer:    sewer_co_tree
Bailey:   bailey_axe_1, bailey

Skill      XL: |  1  2  3  4  5  6  7  8  9 10 11 12 13 14 15 16 17 |
---------------+----------------------------------------------------+-----
Earth Magic    | 4 5 6 7 9 10 11 13 14 | 14.0
Transmutations | 1 2 4 5 |  5.0
Fighting       | 1 2 3 6 8 9 10 12 | 12.0
Conjurations   | 1 2 3 4 5 6 8 11 12 | 12.5
Spellcasting   | 3 4 6 7 8 |  8.0
Dodging        | 2 4 5 |  5.0
Armour         | 2 8 11 | 11.0
Evocations     | 1 2 7 |  7.0
Maces & Flails | 6 9 |  9.0
Translocations | 2 3 4 5 |  5.0
Shields        | 6 7 8 11 | 11.0
Crossbows      | 7 9 10 | 10.2
Stealth        | 5 |  5.0
Short Blades   | |  0.8
Unarmed Combat | |  0.2

Action                   |  1- 3 |  4- 6 |  7- 9 | 10-12 | 13-15 | 16-18 || total
-------------------------+-------+-------+-------+-------+-------+-------++-------
Melee: Unarmed           |     8 |       |       |       |       |       ||     8
       Dagger            |    15 |       |       |       |       |       ||    15
       Short sword       |    52 |    47 |   233 |       |       |       ||   332
       Long sword        |    12 |    65 |       |       |       |       ||    77
       Morningstar       |       |       |    67 |   756 |  1515 |   355 ||  2693
       Kick              |       |       |    24 |   176 |   420 |     7 ||   627
       Headbutt          |       |       |    12 |   113 |   285 |    78 ||   488
       Bite              |       |       |       |       |       |    34 ||    34
 Fire: Hunting sling     |       |       |   195 |       |       |       ||   195
       Hand crossbow     |       |       |       |    65 |   127 |   525 ||   717
 Cast: Sandblast         |    18 |    20 |    70 |    52 |   267 |     6 ||   433
       Stone Arrow       |     2 |     6 |    32 |   184 |   222 |    62 ||   508
       Lee's Rapid Decon |       |       |       |     4 |    14 |       ||    18
       Blink             |       |       |       |     1 |     1 |       ||     2
       Iron Shot         |       |       |       |       |    28 |    82 ||   110
 Abil: Fly               |       |       |       |       |     1 |       ||     1
Evoke: Wand              |       |       |       |     2 |    51 |    11 ||    64
  Use: Scroll            |       |       |    12 |    13 |    20 |     9 ||    54
       Potion            |       |       |    12 |     4 |     6 |    10 ||    32
 Stab: Sleeping          |     6 |     1 |     2 |       |     1 |     1 ||    11
       Distracted        |       |       |       |     2 |     1 |       ||     3
       Confused          |       |       |       |       |     2 |       ||     2
  Eat: Chunk             |     1 |     6 |    19 |    41 |    52 |    21 ||   140
       Royal jelly       |       |       |     1 |     2 |       |     3 ||     6
       Fruit             |       |       |       |     8 |    12 |    16 ||    36
       Meat ration       |       |       |       |       |     2 |     2 ||     4
       Bread ration      |       |       |       |       |     1 |     4 ||     5
Armor: Robe              |    35 |    45 |   136 |    90 |       |       ||   306
       Skin              |       |       |    11 |       |       |       ||    11
       Ring mail         |       |       |       |   219 |  1058 |   408 ||  1685
Dodge: Dodged            |    67 |    72 |   237 |   432 |  1160 |   381 ||  2349
Block: Buckler           |       |       |       |   200 |   806 |   301 ||  1307
       Rpst.: Long sword |     1 |    18 |       |       |       |       ||    19
